 Dungeon Crawl Stone Soup version 0.19-a0-1899-g2d93087 (webtiles) character file.

59 HANFGEIST the Magician (level 3, 0/19 HPs)
             Began as a Deep Elf Wizard on Oct 20, 2016.
             Slain by a jackal (1 damage)
             ... on level 2 of the Dungeon.
             The game lasted 00:04:31 (2102 turns).

HANFGEIST the Magician (Deep Elf Wizard)            Turns: 2102, Time: 00:04:31

Health: 0/19       AC:  3    Str:  4    XL:     3   Next: 78%
Magic:  4/10       EV: 14    Int: 23    God:
Gold:   118        SH:  0    Dex: 13    Spells: 5 memorised, 0 levels left

rFire  . . .     SeeInvis .     g - +1 dagger (protect)
rCold  . . .     Gourm    .     a - +0 robe
rNeg   . . .     Faith    .     (no shield)
rPois  .         Spirit   .     b - +0 hat
rElec  .         Reflect  .     (no cloak)
rCorr  .         Harm     .     (no gloves)
MR     .....                    e - +0 pair of boots
Stlth  ++........               (no amulet)
                                (no ring)
                                (no ring)

@: no status effects
A: no striking features
a: no special abilities


You were on level 2 of the Dungeon.
You were not hungry.

You visited 1 branch of the dungeon, and saw 2 of its levels.

You collected 118 gold pieces.

Inventory:

Hand Weapons
 g - a +1 dagger of protection (weapon)
Armour
 a - a +0 robe (worn)
 b - a +0 hat (worn)
 e - a +0 pair of boots (worn)
Scrolls
 j - a scroll of amnesia {unknown}
 k - 3 scrolls of identify {unknown}
 l - a scroll of teleportation {unknown}
 n - a scroll of noise {unknown}
Potions
 f - a potion of magic {unknown}
Books
 c - a book of Minor Magic

   Spells                             Type                      Level
   a - Magic Dart                     Conjuration                  1
   b - Blink                          Translocation                2
   c - Call Imp                       Summoning                    2
   d - Repel Missiles                 Charms/Air                   2
   e - Slow                           Hexes                        2
   f - Conjure Flame                  Conjuration/Fire             3
   g - Mephitic Cloud                 Conjuration/Poison/Air       3
Comestibles
 d - 2 bread rations
 h - 3 chunks of flesh
 i - a slice of pizza
 m - a beef jerky


   Skills:
 + Level 3.8 Dodging
 - Level 2.4 Stealth
 - Level 4.4 Spellcasting
 + Level 2.2 Conjurations
 - Level 1.1 Summonings
 - Level 1.1 Translocations
 * Level 1.3 Air Magic
 * Level 0.7 Poison Magic


You couldn't memorise any spells.
You knew the following spells:

 Your Spells              Type           Power        Failure   Level  Hunger
a - Magic Dart            Conj           ###.         4%          1    None
b - Call Imp              Summ           ##......     12%         2    None
c - Repel Missiles        Chrm/Air       #.....       14%         2    None
d - Mephitic Cloud        Conj/Pois/Air  ##......     17%         3    ##.....
e - Blink                 Tloc           N/A          12%         2    None


Dungeon Overview and Level Annotations

Branches:
Dungeon (2/15)

Altars:

Annotations:
D:2 Sigmund


Message History

* * * LOW HITPOINT WARNING * * *
The jackal stops to sniff the ground.
The jackal bites you.
* * * LOW HITPOINT WARNING * * *
Unknown command.
Casting: Magic Dart
Confirm with . or Enter, or press ? or * to list all spells.
Aiming: Magic Dart
Press: ? - help, Shift-Dir - straight line, f - jackal
Aim: a jackal
Okay, then.
Casting: Magic Dart
Confirm with . or Enter, or press ? or * to list all spells.
Aiming: Magic Dart
Press: ? - help, Shift-Dir - straight line, f - jackal
Aim: a jackal The magic dart hits the jackal.
The jackal is heavily wounded.
The jackal bites you.
You die...

#......#.#..######......#....##.#
'........#...(# #.......#.......#
#.......##....###.......####....#
#.......(.............##........+
#................####.# .##.....#
+................+ ............+
#................# #....##.P.P.#
#..).............# #####
.......####.....@#
###########.....h#########
#....................#
####....................#
#.......................#
#.......................#
#.......................#
#....................@..#
#.......................#


You could see Sigmund and a jackal.

Vanquished Creatures
  An adder (D:2)
  A worm (D:2)
  A dart slug (D:1)
  A leopard gecko (D:2)
  A giant cockroach (D:2)
  3 goblins
  7 hobgoblins
  8 jackals
  6 bats
  3 frilled lizards
  2 kobolds
  8 rats
42 creatures vanquished.

Notes
Turn   | Place    | Note
-------+----------+-------------------------------------------
     0 | D:1      | HANFGEIST the Deep Elf Wizard began the quest for the Orb.
     0 | D:1      | Reached XP level 1. HP: 10/10 MP: 7/7
   307 | D:1      | Reached XP level 2. HP: 15/15 MP: 6/9
  1588 | D:2      | Reached XP level 3. HP: 19/19 MP: 7/10
  1608 | D:2      | Learned a level 2 spell: Call Imp
  1611 | D:2      | Learned a level 2 spell: Repel Missiles
  1616 | D:2      | Learned a level 3 spell: Mephitic Cloud
  1619 | D:2      | Learned a level 2 spell: Blink
  1700 | D:2      | Noticed Sigmund
  1799 | D:2      | Reached skill level 1 in Air Magic
  2079 | D:2      | Found a faded altar of an unknown god.
  2102 | D:2      | Slain by a jackal

Vault maps used:
D:1:      wheals_arrival_linesprint
D:2:      dancing_weapons_uskayaw, yredelemnul_altar_generic,
          nemelex_xobeh_ov_fountains_minmay, ecumenical_altar_2,
          minmay_misc_feat_rows, uniq_sigmund

Skill      XL: |  1  2  3 |
---------------+----------+-----
Dodging        | 3 |  3.8
Conjurations   | 2 |  2.2
Air Magic      | 1 |  1.3
Stealth        | |  2.4
Spellcasting   | |  4.4
Summonings     | |  1.1
Translocations | |  1.1
Poison Magic   | |  0.7

Action                   || total
-------------------------++-------
Melee: Dagger            ||    67
 Cast: Magic Dart        ||    88
       Repel Missiles    ||     1
  Eat: Chunk             ||     4
Armor: Robe              ||    29
Dodge: Dodged            ||    71
       Deflected         ||     1
